 Dungeon Crawl Stone Soup version 0.19-a0-27-g415f530 (webtiles) character file.

194 M4edhros the Insei (level 5, 0/31 HPs)
             Began as an Octopode Necromancer on May 1, 2016.
             Was an Initiate of Cheibriados.
             Slain by an ogre
             ... wielding a +0 giant club
              (16 damage)
             ... on level 5 of the Dungeon.
             The game lasted 00:05:11 (1033 turns).

M4edhros the Insei (Octopode Necromancer)           Turns: 1033, Time: 00:05:12

Health: 0/31       AC:  1    Str:  9 (11) XL:     5   Next: 73%
Magic:  0/8        EV: 11    Int: 18 (19) God:    Cheibriados [......]
Gold:   123        SH:  3    Dex: 13 (14) Spells: 3 memorised, 3 levels left

rFire  . . .     SeeInvis .       - Unarmed
rCold  . . .     Gourm    .     l - +0 buckler
rNeg   . . .     Faith    .     (helmet restricted)
rPois  .         Spirit   +     i - amulet of guardian spirit
rElec  .         Dismiss  .     k - +3 ring of strength (curse)
rCorr  .         Reflect  .     (no ring)
SustAt .         Harm     .     (no ring)
MR     .....                    (no ring)
Stlth  +++.......               (no ring)
                                (no ring)
                                (no ring)
                                (no ring)

@: regenerating (expiring), slow, not resistant to hostile enchantments, fairly
stealthy
A: almost no armour, amphibious, 8 rings, constrict 8, camouflage 1, gelatinous
body 1
a: Bend Time, Renounce Religion


You were on level 5 of the Dungeon.
You worshipped Cheibriados.
Cheibriados was noncommittal.
You were hungry.

You visited 2 branches of the dungeon, and saw 6 of its levels.

You collected 123 gold pieces.

Inventory:

Armour
 l - a +0 buckler (worn)
Jewellery
 i - an amulet of guardian spirit (around mantle)
 k - a cursed +3 ring of strength (left tentacle)
Scrolls
 c - 2 scrolls of remove curse
 e - 2 scrolls of fog
 f - a scroll of immolation
 j - 2 scrolls of recharging
Books
 a - a book of Necromancy

   Spells                             Type                      Level
   a - Pain                           Necromancy                   1
   b - Animate Skeleton               Necromancy                   1
   c - Vampiric Draining              Necromancy                   3
   d - Regeneration                   Charms/Necromancy            3
   e - Animate Dead                   Necromancy                   4
   f - Control Undead                 Necromancy                   4
Comestibles
 b - 3 bread rations
 g - a meat ration


   Skills:
 - Level 2.0 Dodging
 - Level 2.6 Stealth
 + Level 5.3 Unarmed Combat
 - Level 2.0 Spellcasting
 - Level 4.0 Necromancy


You had 3 spell levels left.
You knew the following spells:

 Your Spells              Type           Power        Failure   Level  Hunger
a - Pain                  Necr           ###.         8%          1    #......
b - Animate Skeleton      Necr           N/A          8%          1    #......
r - Regeneration          Chrm/Necr      #.........   38%         3    ###....


Dungeon Overview and Level Annotations

Branches:
Dungeon (5/15)             Temple (1/1) D:5

Altars:
Ashenzari
Cheibriados
Dithmenos
Elyvilon
Gozag
Kikubaaqudgha
Pakellas
Qazlal
Ru
Vehumet
Yredelemnul
The Shining One

Shops:
D:4 (

Annotations:
D:5 M4edhros's ghost, weakling OpNe


Innate Abilities, Weirdness & Mutations

You cannot wear most types of armour.
You are amphibious.
You can wear up to eight rings at the same time.
You can use your tentacles to constrict eight enemies at once.
Your skin changes colour to match your surroundings (Stealth).
Your rubbery body absorbs attacks (AC +1).


Message History

You swing at nothing.
You swing at nothing.
You swing at nothing.
You swing at nothing.
Casting: Regeneration
Confirm with . or Enter, or press ? or * to list all spells.
Your skin crawls.
You are now empty-tentacled.
Your skin is crawling a little less now.
You climb upwards.
Welcome back to the Dungeon!
Level annotation: M4edhros's ghost, weakling OpNe The ogre hits you with a giant club!!
Ouch! That really hurt!
There is a staircase to the Ecumenical Temple, spattered with blood here.
You aren't carrying any potions.
You tentacle-slap the ogre. You squeeze the ogre!
The ogre is heavily wounded.
The ogre hits you with a giant club!!
Ouch! That really hurt!
You die...

.. .# # #.#.#.# #.####.#.#.#
#.#....#.#.# #..........#
.##...#.#?...# ..#
.....#.#.#...# ..#
#.#.#.#.#.####... #..#
#..#O@.#......... ...###
#...#.#.#.#.####.. ......
.....#.#.#..#
...#######.#...#.#...#
.......... #.........#
...##...# #$......#.#######
...##...##########..........
.##.......# ###.#######
..........# #.#


You could see an ogre.

Vanquished Creatures
  An orc priest (D:4)
  2 orc wizards (D:4)
  A hound zombie (D:5)
  The ghost of M4edhros the Grave Robber, a weakling OpNe (D:4)
  4 adders
  An adder skeleton (D:4)
  A worm (D:3)
  A giant gecko (D:4)
  8 orcs
  2 bats (D:2)
  2 bat zombies (D:1)
  2 giant cockroaches
  A goblin (D:2)
  A hobgoblin (D:3)
  3 quokkas
  3 giant newts
  3 kobolds (D:3)
  A rat (D:3)
38 creatures vanquished.

Notes
Turn   | Place    | Note
--------------------------------------------------------------
     0 | D:1      | M4edhros the Octopode Necromancer began the quest for the Orb.
     0 | D:1      | Reached XP level 1. HP: 11/11 MP: 3/3
    58 | D:2      | Reached skill level 1 in Unarmed Combat
   138 | D:2      | Reached XP level 2. HP: 17/17 MP: 5/5
   177 | D:2      | Reached skill level 2 in Unarmed Combat
   376 | D:3      | Reached XP level 3. HP: 18/21 MP: 6/6
   379 | D:3      | Learned a level 1 spell: Animate Skeleton
   383 | D:3      | Learned a level 3 spell: Regeneration
   477 | D:3      | Reached skill level 3 in Unarmed Combat
   528 | D:4      | Noticed M4edhros's ghost (weakling OpNe)
   558 | D:4      | Killed M4edhros's ghost
   585 | D:4      | Found Kyobat's Antique Weapon Shop.
   615 | D:4      | Reached XP level 4. HP: 20/27 MP: 3/7
   625 | D:4      | Found a stormy altar of Qazlal.
   783 | D:4      | Reached skill level 4 in Unarmed Combat
   792 | D:4      | Reached XP level 5. HP: 19/31 MP: 2/8
   827 | D:4      | Found a sacrificial altar of Ru.
   827 | D:4      | Found an opulent altar of Gozag.
   855 | D:4      | Reached skill level 5 in Unarmed Combat
   903 | D:5      | Entered Level 5 of the Dungeon
   903 | D:5      | Noticed M4edhros's ghost (weakling OpNe)
   940 | D:5      | Found a staircase to the Ecumenical Temple.
   944 | D:5      | Noticed an ogre
   952 | Temple   | Entered the Ecumenical Temple
   968 | Temple   | Became a worshipper of Cheibriados the Contemplative
  1033 | D:5      | Slain by an ogre

Vault maps used:
D:1:      saegor_arrival_fortress
D:2:      first_bread, amalloy_card_club, uniq_sigmund, uniq_crazy_yiuf_cottage,
          uniq_terence
D:3:      gammafunk_temple_overflow_wave
D:4:      nicolae_qazlal_general_emergency, amethyst_overflow_temple_binary,
          serial_shops, kennysheep_little_box
D:5:      minmay_temple_entry_grid, nicolae_elemental_shop
Temple:   triangle_lava_temple_12

Skill      XL: |  1  2  3  4  5 |
---------------+----------------+-----
Unarmed Combat | 1 2 3 4 5 |  5.3
Dodging        | |  2.0
Stealth        | |  2.6
Spellcasting   | |  2.0
Necromancy     | |  4.0

Action                   |  1- 3 |  4- 6 || total
-------------------------+-------+-------++-------
Melee: Unarmed           |    52 |    66 ||   118
       Tentacles         |    13 |    14 ||    27
       Constrict         |    12 |    18 ||    30
       Punch             |     1 |     2 ||     3
 Cast: Pain              |     5 |     1 ||     6
       Regeneration      |     1 |     7 ||     8
  Use: Scroll            |     4 |     4 ||     8
       Potion            |     1 |     2 ||     3
 Stab: Sleeping          |     4 |     4 ||     8
       Invisible         |       |     5 ||     5
  Eat: Chunk             |       |     2 ||     2
Armor: Skin              |     5 |     6 ||    11
Dodge: Dodged            |    36 |    28 ||    64
Block: Buckler           |       |     3 ||     3
